Map: Kairos Junction LE

Players

Rail

  • Race: Protoss Protoss
  • League: Grandmaster
  • Spawn Location: 5:00

Lambo - Winner!

  • Race: Zerg Zerg
  • League: Grandmaster
  • Spawn Location: 11:00

VOD

Have the link to the VOD?

Description

Time

  • Played on: Jan. 12, 2019, 1:57 p.m.
  • Length: 6:17
Show
View Real Time Build Order
Export as new Build Order

Rail Protoss 

Build Orders: 1 Gate Expand, Oracle Opening, Phoenix Opening, Mass Phoenix 

Get SALT Encoding   

  12  0:01  Probe  
  13  0:13  Probe  
  14  0:18  Pylon  
  14  0:25  Probe  
  15  0:33  Probe  
  15  0:39  Gateway  
  15  0:41  Probe  
  17  0:50  Assimilator  
  17  0:52  Probe  
  18  1:04  Probe  
  19  1:22  Nexus  
  19  1:31  Cybernetics Core  
  19  1:34  Probe  
  19  1:39  Assimilator  
  20  1:45  Probe  
  21  1:51  Pylon  
  21  1:53  Probe  
  21  2:00  Adept  
  22  2:01  Probe  
  23  2:13  Probe  
  26  2:22  Stalker  
  26  2:24  Stargate  
  26  2:25  Probe  
  29  2:35  Probe  
  30  2:37  Probe  
  30  2:39  Warp Gate  
  31  2:47  Probe  
  31  2:50  Probe  
  33  2:58  Oracle  
  33  2:59  Probe  
  33  3:02  Probe  
  35  3:11  Gateway, Probe  
  39  3:14  Probe  
  39  3:16  Assimilator  
  39  3:18  Assimilator  
  40  3:23  Probe  
  40  3:26  Probe  
  42  3:31  Pylon  
  42  3:35  Probe, Phoenix  
  42  3:38  Probe  
  46  3:49  Probe  
  46  3:53  Stargate  
  46  3:54  Probe  
  48  3:56  Phoenix  
  48  4:01  Probe  
  49  4:06  Pylon  
  49  4:07  Probe  
  52  4:12  Pylon  
  52  4:14  Phoenix  
  54  4:29  Probe  
  54  4:30  Probe  
  56  4:32  Phoenix  
  56  4:37  Phoenix, Pylon  
  60  4:46  Probe  
  60  4:49  Phoenix  
  61  4:53  Probe  
  61  4:58  Phoenix  
  64  5:03  Pylon  
  66  5:09  Nexus  
  66  5:12  Phoenix  
  66  5:17  Phoenix  
  68  5:24  Shield Battery  
  68  5:26  Robotics Facility  
  70  5:29  Robotics Facility  
  70  5:32  Probe x2  
  70  5:35  Zealot  
  74  5:39  Stalker  
  67  5:57  Zealot  
  58  6:05  Probe  
Show
View Real Time Build Order
Export as new Build Order

Lambo Zerg - Winner!

Build Orders: Hatch First 

Get SALT Encoding   

  12  0:01  Drone  
  13  0:12  Overlord  
  13  0:17  Drone  
  14  0:31  Drone x2  
  16  0:48  Hatchery  
  15  0:51  Drone  
  15  0:54  Drone  
  17  0:57  Drone  
  18  1:09  Extractor  
  17  1:13  Spawning Pool  
  17  1:17  Drone  
  17  1:20  Drone  
  18  1:29  Drone  
  19  1:39  Drone  
  20  1:51  Drone  
  21  2:00  Queen, Zergling x2  
  21  2:01  Queen  
  26  2:02  Overlord  
  26  2:11  Drone x2  
  26  2:15  Metabolic Boost  
  28  2:21  Drone  
  28  2:22  Drone  
  30  2:34  Hatchery  
  30  2:36  Drone  
  30  2:43  Queen  
  32  2:47  Overlord  
  32  2:52  Drone  
  32  2:54  Drone  
  32  2:57  Drone x2  
  36  3:05  Drone  
  36  3:06  Drone  
  36  3:08  Drone  
  36  3:09  Drone  
  36  3:11  Overlord  
  40  3:13  Drone  
  40  3:15  Spore Crawler  
  40  3:17  Drone  
  40  3:18  Drone  
  42  3:25  Drone x2  
  44  3:29  Queen  
  44  3:33  Drone x2  
  48  3:42  Drone x3  
  48  3:43  Drone  
  48  3:45  Extractor  
  48  3:47  Drone x2  
  48  3:48  Extractor  
  52  3:53  Roach Warren  
  51  3:56  Overlord  
  51  4:00  Overlord  
  51  4:04  Overlord, Spore Crawler  
  50  4:14  Overlord  
  50  4:21  Spore Crawler  
  50  4:22  Overlord  
  49  4:30  Queen  
  51  4:32  Roach x7  
  51  4:35  Roach x2  
  51  4:38  Roach  
  72  4:43  Roach x2  
  76  4:48  Roach x2  
  80  4:55  Overlord  
  80  4:57  Zergling x8  
  84  5:00  Ravager x2  
  84  5:02  Zergling x2  
  86  5:07  Zergling x6  
  86  5:11  Overlord  
  89  5:16  Overlord, Zergling x2  
  89  5:18  Ravager x2  
  93  5:21  Zergling x6  
  93  5:24  Zergling x4  
  97  5:28  Overlord  
  97  5:30  Zergling x2  
  97  5:32  Ravager  
  97  5:35  Zergling x2  
  100  5:37  Ravager  
  100  5:40  Zergling x4  
  103  5:47  Zergling x8  
  103  5:48  Zergling x6  
  108  5:52  Zergling x2  
  108  5:56  Zergling x4  
Tags
 
Add a new tag
Caveats
  • Supply blocks, unpowered buildings, or Contaminate may cause inaccurate times.
  • Supply counts are checked every 10 seconds.